Match 46422893
Unlisted

Match 46422893
End
Selects Australian Defense Battlegroup
Selects Australian Light Infantry Section
Australian Light Infantry Section
Construct Section Command Post
Infantry Section
Australian Light Infantry Section
Infantry Section
Construct Field Infirmary
Selects 2-pounder Anti-tank Gun Team
Construct Platoon Command Post
Humber Armored Car
Grenade Package
2-pounder Anti-tank Gun Team
2-pounder Anti-tank Gun Team
Construct Company Command Post
Selects Vehicle Over Repair
Crusader II Medium Tank
Crusader II Medium Tank
Armored Vehicle Training
Vickers Machine Gun Team
Pano_ramix
MasterStef
0
0

Comments sign in to comment!

No comments posted yet!